 Dungeon Crawl Stone Soup version 0.30-a0-953-g5f1da4a474 (webtiles) character file.

Game seed: 8048144969733076632

11991 DeathPants the Carver (level 11, -32/93 HPs)
             Began as a Vine Stalker Gladiator on Mar 28, 2023.
             Was an Initiate of Gozag.
             Annihilated by a very large slime creature (37 damage)
             ... on level 12 of the Dungeon.
             The game lasted 00:31:24 (9731 turns).

DeathPants the Carver (Vine Stalker Gladiator)      Turns: 9731, Time: 00:31:25

Health: -32/93     AC: 17    Str: 16    XL:     11   Next: 86%
Magic:  0/14       EV: 12    Int: 10    God:    Gozag
Gold:   1488       SH:  0    Dex: 19    Spells: 13/13 levels left

rFire   . . .      SeeInvis .    a - +0 long sword
rCold   . . .      Faith    .    (no shield)
rNeg    . . .      Spirit   +    i - +1 scale mail {rPois}
rPois   +          Reflect  .    c - +1 helmet
rElec   .          Rampage  .    J - +2 cloak
rCorr   .                        w - +2 pair of gloves
Will    ++...                    z - +1 pair of boots Stlth
                                 (no amulet)
HPRegen 1.15/turn                E - ring of willpower
MPRegen 0.14/turn                (no ring)

@: berserking, very quick
A: fangs 3, regeneration 1, magic shield, antimagic bite, no potion heal 2
a: Renounce Religion, Potion Petition, Call Merchant, Bribe Branch


You were on level 12 of the Dungeon.
You worshipped Gozag.
Gozag was most pleased with you.
You visited 2 branches of the dungeon, and saw 13 of its levels.

You collected 1755 gold pieces.
You spent 108 gold pieces at shops.
You paid 159 gold pieces to Gozag.

Inventory:

Hand Weapons
 a - a +0 long sword (weapon)
Missiles
 e - a javelin (quivered)
 k - 5 atropa-tipped darts
 n - 43 poisoned darts
 x - 4 boomerangs
 L - a curare-tipped dart
Armour
 c - a +1 helmet (worn)
 i - a +1 scale mail of poison resistance (worn)
 w - a +2 pair of gloves (worn)
 z - a +1 pair of boots (worn)
 B - a +2 buckler
 C - the +0 helmet of Sorcery {Fly Str+3}
   (You acquired it on level 6 of the Dungeon)

   Str:       It affects your strength (+3).
   Fly:       It grants you flight.
 J - a +2 cloak (worn)
Jewellery
 g - a ring of wizardry
 t - a ring of wizardry
 D - a ring of see invisible
 E - a ring of willpower (left hand)
 K - a ring of flight
Wands
 b - a wand of iceblast (10)
 d - a wand of paralysis (13)
 o - a wand of polymorph (4)
 u - a wand of flame (27)
 v - a wand of mindburst (19)
 F - a wand of digging (6)
Scrolls
 f - a scroll of fog
 h - 3 scrolls of amnesia
 j - 3 scrolls of identify
 m - 5 scrolls of enchant weapon
 p - a scroll of silence
 q - 4 scrolls of teleportation
 s - a scroll of fear
 y - 3 scrolls of magic mapping
 G - a scroll of enchant armour
Potions
 l - 8 potions of curing
 r - a potion of flight
 I - a potion of brilliance
 M - a potion of might
 N - a potion of resistance
Miscellaneous
 H - a condenser vane


   Skills:
 + Level 9.4 Fighting
 * Level 13.2 Long Blades
 - Level 1.7 Throwing
 + Level 6.0 Dodging
 + Level 1.6 Spellcasting


You had 13 spell levels left.
You didn't know any spells.
Your spell library contained the following spells:

 Spells                   Type           Power      Damage    Failure   Level
 Sandblast                Erth           0%         2d4       77%         1
 Cigotuvi's Dreadful Rot  Necr/Pois/Air  0%         N/A       88%         2
 Ensorcelled Hibernation  Hex/Ice        0%         N/A       88%         2
 Passwall                 Tmut/Erth      0%         N/A       88%         2
 Poisonous Vapours        Pois/Air       0%         N/A       88%         2
 Dazzling Flash           Conj/Hex       0%         N/A       98%         3
 Gell's Gravitas          Tloc           0%         N/A       98%         3
 Mephitic Cloud           Conj/Pois/Air  0%         N/A       98%         3
 Spider Form              Tmut/Pois      0%         N/A       98%         3
 Stone Arrow              Conj/Erth      0%         3d7       98%         3
 Teleport Other           Tloc           0%         N/A       98%         3
 Anguish                  Hex/Necr       0%         N/A       100%        4
 Dispel Undead            Necr           0%         3d6       100%        4
 Iskenderun's Mystic Bla  Conj/Tloc      0%         2d3       100%        4
 Borgnjor's Vile Clutch   Necr/Erth      0%         N/A       100%        5
 Death Channel            Necr           0%         N/A       100%        6
 Dispersal                Tloc           0%         N/A       100%        6
 Starburst                Conj/Fire      0%         6d3       100%        6
 Animate Dead             Necr           Unusable   N/A       N/A         4

Dungeon Overview and Level Annotations

Branches:
Dungeon (12/15)            Temple (1/1) D:7            Lair (0/5) D:8
    Orc (0/2) D:10

Altars:
Ashenzari
Cheibriados
Dithmenos
Elyvilon
Fedhas
Gozag
Hepliaklqana
Kikubaaqudgha
Makhleb
Nemelex Xobeh
Okawaru
Qazlal
Ru
Sif Muna
Trog
Uskayaw
Vehumet
Wu Jian
Xom
Yredelemnul
Zin
The Shining One

Shops:
D:1 =   D:6 !

Annotations:
D:6 2 runed translucent doors, SpyderV's ghost, novice OpTm
D:7 1 transporter, bchevrier's ghost, amateur GnWn
D:8 exclusion: ice statue
D:10 Snorg


Innate Abilities, Weirdness & Mutations

You have razor-sharp teeth.
Your natural rate of healing is unusually fast.
When hurt, damage is shared between your health and your magic reserves.
Your bite disrupts and absorbs the magic of your enemies.
Potions cannot restore your health.


Message History

You hit the yaktaur. You bite the yaktaur. You drain its power.
The yaktaur is almost dead.
You slash the yaktaur!
You kill the yaktaur!
The very large slime creature closely misses you.
Your Dodging skill increases to level 6!
You closely miss the yak.
The very large slime creature hits you!!
The yak barely misses you.
You hit the yak. You bite the yak. You drain its power.
You feel invigorated.
The yak is lightly wounded.
The very large slime creature hits you!!
* * * LOW HITPOINT WARNING * * *
The yak closely misses you.
You hit the yak.
The yak is moderately wounded.
You slash the very large slime creature!
Your bite misses the very large slime creature.
The very large slime creature is lightly wounded.
The very large slime creature hits you but does no damage.
The yak gores you.
* * * LOW HITPOINT WARNING * * *
A red film seems to cover your vision as you go berserk!
You feel yourself moving faster!
You feel mighty!
The very large slime creature hits you but does no damage.
The yak gores you.
* * * LOW HITPOINT WARNING * * *
You completely miss the very large slime creature.
You bite the very large slime creature! You drain its power.
You feel invigorated.
The very large slime creature is lightly wounded.
The very large slime creature misses you.
The yak closely misses you.
You slice the very large slime creature!!
The very large slime creature is moderately wounded.
You slash the very large slime creature!
The very large slime creature is moderately wounded.
The very large slime creature hits you!!!
You die...
Your body crumbles into a pile of gold.

#.# ##..#. ..####.# #(....
..##...# !..... #.#..###
...... #.#.##
......##.#.####
.........#....#
......>..#....#######
...............Y@Jyy#
$........#..<.#####.......
..........................
.........#....#######...$.
..............# .....
).........#...# ....
..........##### ...
..........# ### ###.


You could see a very large slime creature, a yak and 2 vampire mosquitoes.

Vanquished Creatures
  A boulder beetle (D:7)
  A two-headed ogre (D:9)
  A cyclops (D:7)
  A manticore (D:11)
  Joseph (D:9)
  A yaktaur (D:12)
  A gargoyle (D:11)
  2 trolls
  A hornet (D:9)
  Prince Ribbit (D:7)
  A shadow (D:9)
  A wraith (D:5)
  6 wyverns
  7 yaks
  3 vampire mosquitoes
  2 steam dragons
  6 water moccasins
  An acid dragon (D:7)
  Duvessa (D:7)
  A black bear (D:7)
  5 orc warriors
  A sky beast (D:6)
  2 ogres
  2 centaurs
  2 kobold brigands
  A phantom (D:3)
  Blork the orc (D:4)
  4 bullfrogs
  2 gnoll sergeants
  3 scorpions
  14 wights
  Dowan (D:7)
  6 killer bees
  5 howler monkeys
  2 vampire bats (D:8)
  A jelly (D:8)
  6 hounds
  13 orc priests
  A gnoll bouda (D:10)
  4 iguanas
  Ijyb (D:3)
  2 sleepcaps
  Natasha (thrice) (D:3)
  9 orc wizards
  18 gnolls
  19 adders
  4 shadow imps
  3 ufetubi (D:5)
  4 worms
  3 dart slugs
  36 orcs
  2 bat skeletons (D:8)
  4 bat zombies (D:8)
  3 endoplasms
  3 giant cockroaches
  7 goblins
  9 hobgoblins
  5 quokkas
  8 ball pythons
  5 bats
  3 frilled lizards
  14 kobolds
  3 rats (D:2)
284 creatures vanquished.

Vanquished Creatures (others)
  An orc wizard (D:9)
  6 plants (D:8)
7 creatures vanquished.

Grand Total: 291 creatures vanquished

Notes
Turn   | Place    | Note
-------+----------+-------------------------------------------
     0 | D:1      | DeathPants the Vine Stalker Gladiator began the quest for
                  | the Orb.
     0 | D:1      | Reached XP level 1. HP: 11/11 MP: 2/2
   172 | D:1      | Found Boriklel's Jewellery Shoppe.
   185 | D:1      | Reached XP level 2. HP: 15/15 MP: 3/3
   235 | D:1      | Reached skill level 3 in Long Blades
   795 | D:2      | Reached XP level 3. HP: 18/18 MP: 4/4
  1066 | D:2      | Gained mutation: Your natural rate of healing is unusually
                  | fast. [Vine Stalker growth]
  1066 | D:2      | Reached XP level 4. HP: 13/23 MP: 3/5
  1567 | D:3      | You fall into a shaft and drop 1 floor!
  1568 | D:4      | Noticed Blork the orc
  1585 | D:4      | Killed Blork the orc
  1586 | D:4      | Reached skill level 4 in Long Blades
  1586 | D:4      | Reached XP level 5. HP: 28/28 MP: 4/6
  1672 | D:4      | Noticed a phantom
  1702 | D:3      | Killed a phantom
  1712 | D:3      | Reached XP level 6. HP: 32/32 MP: 7/7
  2002 | D:3      | Noticed Ijyb
  2008 | D:3      | Reached skill level 5 in Long Blades
  2017 | D:3      | Killed Ijyb
  2027 | D:3      | Noticed Natasha
  2065 | D:3      | Killed Natasha
  2068 | D:3      | Noticed Natasha
  2073 | D:3      | Killed Natasha
  2161 | D:3      | Noticed Natasha
  2164 | D:3      | Killed Natasha
  2165 | D:3      | Reached XP level 7. HP: 34/36 MP: 6/8
  2571 | D:5      | Entered Level 5 of the Dungeon
  2771 | D:4      | Found a glowing golden altar of the Shining One.
  2965 | D:5      | Reached skill level 6 in Long Blades
  3313 | D:5      | Gained mutation: You have razor-sharp teeth. [Vine Stalker
                  | growth]
  3313 | D:5      | Reached XP level 8. HP: 42/42 MP: 9/9
  3371 | D:6      | Identified the +2 whip "Hagrodat" {drain, rCorr Str+2}
  3389 | D:6      | Reached skill level 7 in Long Blades
  3673 | D:5      | Found a shimmering blue altar of Sif Muna.
  3799 | D:5      | Reached skill level 5 in Fighting
  3886 | D:5      | Found a broken altar of Ashenzari.
  3901 | D:5      | Noticed a wraith
  3920 | D:5      | Killed a wraith
  4172 | D:6      | Reached skill level 8 in Long Blades
  4246 | D:6      | Reached XP level 9. HP: 48/48 MP: 10/10
  4360 | D:7      | Found a staircase to the Ecumenical Temple.
  4360 | D:7      | Noticed Prince Ribbit
  4380 | D:7      | Killed Prince Ribbit
  4390 | Temple   | Entered the Ecumenical Temple
  4394 | Temple   | Became a worshipper of Gozag Ym Sagoz the Greedy
  4508 | D:6      | Reached skill level 9 in Long Blades
  4597 | D:6      | Found Igyojem's Distillery.
  4600 | D:6      | Bought a potion of might for 48 gold pieces
  4600 | D:6      | Bought a potion of berserk rage for 60 gold pieces
  4763 | D:6      | Found a large runed translucent door.
  4764 | D:6      | Found a large runed translucent door.
  4766 | D:6      | Noticed SpyderV's ghost (novice OpTm)
  4871 | D:6      | Identified a scroll of acquirement
  4871 | D:6      | Acquired the +0 helmet of Sorcery {Fly Str+3}
  5111 | D:7      | Noticed Duvessa
  5111 | D:7      | Noticed Dowan
  5118 | D:7      | Killed Duvessa
  5185 | D:7      | Killed Dowan
  5251 | D:7      | Found a sacrificial altar of Ru.
  5532 | D:7      | Reached skill level 10 in Long Blades
  5612 | D:7      | Noticed a cyclops
  5618 | D:7      | Noticed a boulder beetle
  5641 | D:7      | Reached XP level 10. HP: 43/55 MP: 8/11
  5718 | D:7      | HP: 2/55 [cyclops (3)]
  5719 | D:7      | Killed a cyclops
  5823 | D:7      | Killed a boulder beetle
  5824 | D:7      | Reached skill level 11 in Long Blades
  6028 | D:7      | Noticed bchevrier's ghost (amateur GnWn)
  6029 | D:7      | Found a transporter.
  6032 | D:7      | Identified the +5 dire flail of Contention {elec, rC++ rN+
                  | Will- Stlth+}
  6032 | D:7      | Identified the +3 great mace of Harhaom {freeze, rF+}
  6032 | D:7      | Noticed a two-headed ogre
  6607 | D:8      | Found an ancient bone altar of Kikubaaqudgha.
  6758 | D:8      | Reached skill level 12 in Long Blades
  6758 | D:8      | Reached XP level 11. HP: 52/60 MP: 12/12
  6871 | D:9      | Reached skill level 5 in Dodging
  7156 | D:8      | Found a staircase to the Lair.
  7496 | D:9      | Paralysed by a hornet for 1 turns
  7610 | D:9      | Noticed Joseph
  7636 | D:9      | Killed Joseph
  7903 | D:10     | Entered Level 10 of the Dungeon
  8223 | D:9      | Noticed a two-headed ogre
  8233 | D:9      | Killed a two-headed ogre
  8643 | D:10     | Found a staircase to the Orcish Mines.
  8962 | D:11     | Reached skill level 13 in Long Blades
  9008 | D:11     | Noticed Snorg
  9011 | D:11     | Noticed a two-headed ogre
  9145 | D:11     | Identified the +8 short sword of Bread {venom, rC+ Str-2
                  | Int-4 Dex+9}
  9372 | D:11     | Noticed a manticore
  9388 | D:11     | Killed a manticore
  9512 | D:11     | Reached skill level 1 in Spellcasting
  9728 | D:12     | HP: 4/93 [yak (4)]
  9731 | D:12     | Annihilated by a very large slime creature

Illustrated notes

Levels and vault maps discovered:
D:1:      dpeg_arrival_renting, layout_loops_ring, serial_shops, shop
D:2:      layout_basic, minmay_pentomino_o2
D:3:      layout_basic, nrook_campfire, uniq_ijyb, uniq_natasha
D:4:      layout_cave_pools, nicolae_tso_swordbearing_angel, uniq_blork_the_orc
D:5:      layout_loops_corners, ashenzari_altar_1, lemuel_blue_sif_altar
D:6:      layout_rooms, serial_shops, nicolae_shop_window_shopping,
          ebering_ghost_disaster_area, minmay_misc_feat_enclosed,
          dreamdust_mushroom_princess, minivault_1, minmay_liquid_box,
          nicolae_half_adder
D:7:      minmay_the_grid_four_pointed_star
          [minmay_the_grid_triangle_9x9_longest,
          minmay_the_grid_triangle_9x9_semitri,
          minmay_the_grid_triangle_9x9_minimal,
          minmay_the_grid_triangle_9x9_zippers_horizontal,
          minmay_the_grid_prize_big_room], layout_cave_pools,
          nicolae_ru_awakened_eye, minmay_temple_entry_glass,
          gammafunk_ghost_smash, uniq_prince_ribbit1, uniq_duvessa
D:8:      lemuel_ice_statue, layout_basic, kennysheep_vampire_church,
          minmay_lair_entry_grove
D:9:      layout_stronghold, uniq_joseph
D:10:     layout_rooms, minmay_orc_entry_temple_small, grunt_decor_clamped,
          minmay_misc_feat_roman, minmay_puff
D:11:     layout_cave_pools, uniq_snorg
D:12:     layout_rooms, uniq_josephine
Temple:   sentei_temple_godly_chess

Skill      XL: |  1  2  3  4  5  6  7  8  9 10 11 |
---------------+----------------------------------+-----
Fighting       | 2 3 4 5 7 8 9 |  9.4
Long Blades    | 3 4 5 6 8 10 12 13 | 13.2
Dodging        | 3 4 6 |  6.0
Spellcasting   | 1 |  1.6
Throwing       | |  1.7

Action                     |  1- 3 |  4- 6 |  7- 9 | 10-12 || total
---------------------------+-------+-------+-------+-------++-------
  Melee: Long sword        |    81 |   135 |   358 |   499 ||  1073
         Bite              |    24 |    40 |   113 |   197 ||   374
         Punch             |       |     1 |     7 |     9 ||    17
         Unarmed           |       |    16 |       |       ||    16
  Throw: Throwing net      |       |     2 |     5 |     3 ||    10
         Dart              |       |       |       |    10 ||    10
    Use: Scroll            |       |    11 |     7 |     7 ||    25
         Potion            |       |     1 |     1 |     3 ||     5
   Stab: Held in net/web   |       |       |       |     1 ||     1
 Armour: Leather armour    |    18 |       |       |       ||    18
         Ring mail         |    12 |    60 |       |       ||    72
         Skin              |       |     9 |       |       ||     9
         Scale mail        |       |    30 |   204 |   209 ||   443
  Dodge: Dodged            |    62 |   114 |   231 |   290 ||   697

Table legend: (Time is in decaauts)
 A = Elapsed time spent in this place.
 B = Non-inter-level travel time spent in this place.
 C = Inter-level travel time spent in this place.
 D = Time resting spent in this place.
 E = Time spent auto-exploring this place.
 F = Levels seen in this place.
 G = Mean time per level.
                   A        B        C        D        E       F      G
               +--------+--------+--------+--------+--------+-----+--------+
         Total |   9700 |   9378 |    322 |    262 |   5879 |  13 |  746.2 |
       Dungeon |   9691 |   9369 |    322 |    262 |   5879 |  12 |  807.6 |
        Temple |      8 |      8 |      0 |      0 |      0 |   1 |    8.0 |
               +--------+--------+--------+--------+--------+-----+--------+

Top non-repeatable levels by time:
     D:6: 1207 daAuts
     D:8: 1133 daAuts
     D:7: 1070 daAuts
     D:9: 1027 daAuts
     D:5: 997 daAuts
     D:2: 818 daAuts
     D:3: 737 daAuts
     D:1: 737 daAuts
     D:4: 693 daAuts
    D:11: 623 daAuts
    D:10: 563 daAuts
    D:12: 81 daAuts
  Temple: 8 daAuts
